 Dungeon Sprint DCSS version 0.31.0-12-g77e489cdc1 (webtiles) character file.

Game seed: 14431119883383299869

193 Heoruswealwe the Spear-Bearer (level 5, -1/53 HPs)
             Began as a Minotaur Fighter on Feb 21, 2024.
             Slain by an iguana (10 damage)
             ... in the Dungeon (Sprint IX: "|||||||||||||||||||||||||||||").
             The game lasted 00:00:36 (48 turns).

Heoruswealwe the Spear-Bearer (Minotaur Fighter)      Turns: 48, Time: 00:00:36

Health: -1/53      AC:  8    Str: 22    XL:     5   Next: 43%
Magic:  4/4        EV:  9    Int:  5    God:
Gold:   0          SH:  4    Dex: 10    Spells: 4/4 levels left

rFire   . . .        a - +0 trident
rCold   . . .        d - +0 buckler
rNeg    . . .        c - +0 scale mail
rPois   .            (helmet restricted)
rElec   .            (no cloak)
rCorr   .            (no gloves)
SInv    .            (no boots)
Will    .....        (no amulet) Stlth
                     (no ring)
HPRegen 0.28/turn    (no ring)
MPRegen 0.09/turn

%: no teleportation
@: no status effects
A: horns 2, retaliatory headbutt
a: no special abilities


You were in the Dungeon.
You visited 1 branch

Inventory:

Hand Weapons
 a - a +0 trident (weapon)
Armour
 c - a +0 scale mail (worn)
 d - a +0 buckler (worn)
Scrolls
 j - a scroll of blinking
Potions
 b - a potion of might
 e - a potion of curing
 f - a potion of heal wounds
 g - a potion of haste
 h - 2 potions of magic
 i - a potion of berserk rage


   Skills:
 + Level 7.7 Fighting
 * Level 9.9 Polearms
 + Level 7.7 Armour
 - Level 3.6 Shields


You had 4 spell levels left.
You didn't know any spells.
Your spell library was empty.

Dungeon Overview and Level Annotations

Branches:
Dungeon (1/1)

Altars:


Innate Abilities, Weirdness & Mutations

You have a pair of horns on your head.
You reflexively headbutt those who attack you in melee.


Message History

You have reached level 5!
You barely miss the hound. The hound bites you but does no damage.
You closely miss the hound. The hound closely misses you.
You hit the hound.
The hound is lightly wounded.
The hound misses you.
You miss the hound. Your headbutt misses the hound.
The hound is lightly wounded.
The hound bites you but does no damage.
You completely miss the hound. You headbutt the hound!
The hound is severely wounded.
The hound bites you but does no damage. The hound bites you.
You hit the hound. You headbutt the hound.
You kill the hound!
You puncture the iguana!
The iguana is moderately wounded.
The iguana bites you!
You closely miss the iguana.
The iguana is moderately wounded.
The iguana bites you!
* * * LOW HITPOINT WARNING * * *
You puncture the iguana!
The iguana is severely wounded.
The iguana barely misses you. You furiously retaliate!
You headbutt the iguana. You barely miss the iguana.
The iguana is almost dead.
You barely miss the iguana.
The iguana is almost dead.
The iguana barely misses you.
You closely miss the iguana.
The iguana is almost dead.
The iguana bites you.
* * * LOW HITPOINT WARNING * * *
You hit the iguana but do no damage.
The iguana is almost dead.
You block the iguana's attack.
You closely miss the iguana.
The iguana is almost dead.
The iguana bites you!
You die... ▓▓▓▓▓▓▓▓▓▓▓▓▓▓▓▓▓▓ ▓<...')...@l.....+ ▓▓▓▓▓▓▓▓▓▓▓▓▓▓▓▓▓▓

You could see an iguana.

Vanquished Creatures
  A water moccasin (D)
  2 hounds (D)
  An iguana (D)
  A ball python (D)
  An endoplasm (D)
  A goblin (D)
  A kobold (D)
  A frilled lizard (D)
9 creatures vanquished.

Notes
Turn   | Place    | Note
-------+----------+-------------------------------------------
     0 | D        | Heoruswealwe the Minotaur Fighter began the quest for the
                  | Orb.
     0 | D        | Reached XP level 1. HP: 19/19 MP: 0/0
     7 | D        | Reached skill level 3 in Polearms
    21 | D        | Noticed a hound
    21 | D        | Noticed an iguana
    21 | D        | Noticed a hound
    21 | D        | Noticed a water moccasin
    21 | D        | Noticed an iguana
    26 | D        | Killed a hound
    27 | D        | Reached skill level 5 in Fighting
    27 | D        | Reached skill level 5 in Polearms
    27 | D        | Reached skill level 5 in Armour
    27 | D        | Reached XP level 2. HP: 26/29 MP: 1/1
    27 | D        | Reached XP level 3. HP: 33/36 MP: 2/2
    31 | D        | Reached skill level 6 in Polearms
    34 | D        | Killed a water moccasin
    35 | D        | Reached skill level 9 in Polearms
    35 | D        | Reached XP level 4. HP: 31/47 MP: 3/3
    35 | D        | Reached XP level 5. HP: 35/52 MP: 4/4
    48 | D        | Slain by an iguana

Illustrated notes

Levels and vault maps discovered:
D:        linesprint [early_d, line_temple, items_1, d_10, items_2, lair_1,
          lair_end, items_3, orc_1, orc_end, items_4, d_15, swamp_1, shoals_1,
          snake_1, spider_1, d_20, vaults_1, items_5, swamp_end, shoals_end,
          snake_end, spider_end, vaults_end, d_27, items_6, zot_1, zot_end,
          crypt_end, forest_end, elf_end, slime_end, tomb_end, abyss_end,
          pan_hell_end]

Skill      XL: |  1  2  3 |
---------------+----------+-----
Polearms       | 5 9 |  9.9
Fighting       | 5 7 |  7.7
Armour         | 5 7 |  7.7
Shields        | |  3.6

Action                     |  1- 3 |  4- 6 || total
---------------------------+-------+-------++-------
  Melee: Trident           |    22 |    14 ||    36
         Headbutt          |     1 |     2 ||     3
 Armour: Scale mail        |    15 |     8 ||    23
  Dodge: Dodged            |     7 |     4 ||    11
  Block: Buckler           |     2 |     1 ||     3
